cohdb
Replays
Latest Replays
All Replays
Popular Replays
Top Player Replays
Match Explorer
How It Works
Community
CoH3 Stats
Reddit
Sign in to upload your games and track your stats! →
Sign in with Steam
Match 40240351
Unlisted
Match 40240351
Overview
Messages
Build Orders
End
Kradschützen Motorcycle Team
Selects Battlefield Espionage Battlegroup
Panzergrenadier Squad
Construct Light Support Kompanie
Selects Sector Subterfuge Beacon
2.5-tonne Medical Truck
Fire Support Elements
Assault Grenadier Squad
2.5-tonne Medical Truck
Selects 250/3 Funkpanzerwagen
250/3 Funkpanzerwagen
Flakvierling Half-track
2.5-tonne Medical Truck
Veteran Squad Leaders
Advanced Field Repairs
Construct Mechanized Kompanie
Selects Advanced Ambush Training
Marder III Tank Destroyer
Assault Grenadier Squad
Construct Panzerarmee Kommand
Selects Plunder
Panzer III L Medium Tank
Flak 36 Anti-tank Gun Team
Rapid Advance
Selects Firestorm
Firestorm
Emergency Repair Kits
Tungsten Core Ammunition
250/3 Funkpanzerwagen
Armored Reserves
Selects Operation Skorpion
Firestorm
Tiger Heavy Tank
254 Reconnaissance Tractor
Firestorm
Walking Stuka Rocket Launcher
2.5-tonne Medical Truck
ThatGuy
Gravity Cat
Jd577
OKW Davs
Robert Builder
Ahriman
Soapbottle
Demirel
0
0
Comments
sign in to comment!
No comments posted yet!